 Dungeon Crawl Stone Soup version 0.30-a0-341-g682706514a (webtiles) character file.

Game seed: 7308974795128135507

543 Elric the Spear-Bearer (level 7, -2/51 HPs)
             Began as a Merfolk Gladiator on Nov 2, 2022.
             Slain by a black bear (4 damage)
             ... on level 4 of the Dungeon.
             The game lasted 00:05:57 (3677 turns).

Elric the Spear-Bearer (Merfolk Gladiator)          Turns: 3677, Time: 00:05:58

Health: -2/51      AC:  4    Str: 20    XL:     7   Next: 27%
Magic:  7/7        EV: 13    Int:  8    God:
Gold:   279        SH:  0    Dex: 17    Spells: 6/6 levels left

rFire   . . .      SeeInvis .    a - +0 trident
rCold   . . .      Faith    +    (no shield)
rNeg    . . .      Spirit   .    b - +0 leather armour
rPois   .          Reflect  .    h - +0 helmet
rElec   .          Harm     .    (no cloak)
rCorr   .          Rampage  .    (no gloves)
Will    .....                    (no boots)
Stlth   +.........               k - amulet of faith
HPRegen 0.28/turn                f - +6 ring of strength
MPRegen 0.10/turn                (no ring)

@: brilliant
A: (nimble swimmer 2), mertail
a: no special abilities


You were on level 4 of the Dungeon.
You visited 1 branch of the dungeon, and saw 5 of its levels.

You collected 279 gold pieces.

Inventory:

Hand Weapons
 a - a +0 trident (weapon)
Missiles
 d - 3 throwing nets (quivered)
 e - a javelin
Armour
 b - a +0 leather armour (worn)
 c - a +0 helmet
 h - a +0 helmet (worn)
Jewellery
 f - a +6 ring of strength (left hand)
 k - an amulet of faith (around neck)
Scrolls
 g - 2 scrolls of identify {unknown}
 m - 2 scrolls of enchant armour {unknown}
 n - a scroll of noise {unknown}
 o - a scroll of teleportation {unknown}
 p - a scroll of torment {unknown}
 s - a scroll of enchant weapon {unknown}
Potions
 q - a potion of invisibility {unknown}


   Skills:
 + Level 2.5 Fighting
 * Level 10.3 Polearms
 - Level 2.0 Throwing
 + Level 4.3 Dodging


You had 6 spell levels left.
You didn't know any spells.
Your spell library contained the following spells:

 Spells                   Type           Power      Damage    Failure   Level
 Freeze                   Ice            0%         1d3       45%         1
 Frozen Ramparts          Ice            0%         1d1       83%         3
 Hailstorm                Conj/Ice       0%         3d3       83%         3


Dungeon Overview and Level Annotations

Branches:
Dungeon (5/15)
 Temple: D:4-7

Altars:
Qazlal

Shops:
D:3 !


Innate Abilities, Weirdness & Mutations

((You are very nimble when in or above water. (Stealth+, EV+, Speed+++)))
Your lower body shifts to a powerful aquatic tail in water.


Message History

The gnoll closely misses you. x2
There is a stone staircase leading up here.
The black bear bites you. The black bear closely misses you.
The black bear claws you. The gnoll barely misses you.
The gnoll hits you with a +0 flail! The gnoll hits you with a +0 flail.
The gnoll barely misses you.
You climb upwards.
There is a stone staircase leading down here.
Sorry, you're not good enough to have a special ability.
It was a potion of lignification.
You turn into a tree.
Your +0 helmet melds into your body.
Your +0 leather armour melds into your body.
Your roots penetrate the ground.
The gnoll hits you but does no damage.
The black bear bites you but does no damage.
The black bear claws you. x2; The gnoll hits you but does no damage.
It was a potion of cancellation.
Your magical effects are unravelling.
You feel magically purged.
You feel less wooden.
Your +0 helmet unmelds from your body.
Your +0 leather armour unmelds from your body.
The gnoll hits you with a +0 flail. The black bear bites you.
The black bear claws you.
* * * LOW HITPOINT WARNING * * *
The black bear claws you but does no damage.
The gnoll hits you with a +0 flail.
* * * LOW HITPOINT WARNING * * *
You feel better. The gnoll barely misses you. The black bear bites you.
The black bear claws you but does no damage.
The black bear claws you.
* * * LOW HITPOINT WARNING * * *
The gnoll barely misses you.
It was a potion of brilliance.
You feel clever all of a sudden. The gnoll hits you with a +0 flail!
* * * LOW HITPOINT WARNING * * *
The black bear bites you.
* * * LOW HITPOINT WARNING * * *
The black bear claws you.
You die...

#...# #.# #.#.#
#.# ##.#.# #.#
#####..#.### #.#
#.....##...# #.#
..^§..####.#####.#
..≈#§≈≈# #....##g#
≈(§≈≈#§######..gh#
..≈≈≈#.+......gg@#
....^^...#########
._......##
≈.≈^§..## ≈.^#§.(#
§.≈#≈.≈# §..^##≈#
§..≈.^## #§###.#


You could see a black bear and 4 gnolls.

Vanquished Creatures
  Grinder (D:3)
  A scorpion (D:4)
  A hound (D:4)
  An iguana (D:3)
  Natasha (thrice) (D:4)
  3 gnolls (D:3)
  4 adders
  2 worms (D:2)
  2 dart slugs
  5 orcs (D:3)
  7 ball pythons
  4 endoplasms
  5 giant cockroaches
  14 goblins
  7 hobgoblins
  2 jackals (D:1)
  9 kobolds
  3 quokkas
  9 bats
  5 frilled lizards
  8 rats
96 creatures vanquished.

Notes
Turn   | Place    | Note
-------+----------+-------------------------------------------
     0 | D:1      | Elric the Merfolk Gladiator began the quest for the Orb.
     0 | D:1      | Reached XP level 1. HP: 16/16 MP: 1/1
    46 | D:1      | Reached XP level 2. HP: 19/22 MP: 2/2
   121 | D:1      | Reached skill level 5 in Polearms
   212 | D:1      | Reached XP level 3. HP: 22/27 MP: 3/3
   789 | D:2      | Reached skill level 6 in Polearms
   878 | D:2      | Reached XP level 4. HP: 33/33 MP: 4/4
   915 | D:2      | Found a faded altar of an unknown god.
  1261 | D:3      | Noticed Grinder
  1262 | D:3      | Paralysed by Grinder for 4 turns
  1274 | D:3      | Killed Grinder
  1275 | D:3      | Reached skill level 8 in Polearms
  1275 | D:3      | Reached XP level 5. HP: 13/38 MP: 5/5
  1275 | D:3      | Reached XP level 6. HP: 15/44 MP: 6/6
  1499 | D:3      | Reached skill level 9 in Polearms
  2043 | D:3      | Found Wiron's Distillery.
  2785 | D:4      | Noticed Natasha
  2792 | D:4      | Killed Natasha
  2793 | D:4      | Reached skill level 10 in Polearms
  2793 | D:4      | Reached XP level 7. HP: 50/50 MP: 7/7
  2838 | D:4      | Noticed Natasha
  2845 | D:4      | Killed Natasha
  2985 | D:4      | Found a stormy altar of Qazlal.
  3050 | D:4      | Noticed Natasha
  3053 | D:4      | Killed Natasha
  3666 | D:5      | Entered Level 5 of the Dungeon
  3677 | D:4      | HP: 2/51 [black bear (3)]
  3677 | D:4      | Slain by a black bear

Illustrated notes

Levels and vault maps discovered:
D:1:      tarquinn_simple_flora_water_e, layout_rooms
D:2:      layout_basic, dilly_ecumenical_altar_fadedgnrine
D:3:      layout_loops_corners, serial_shops, shop_coins, minmay_mini_jars,
          uniq_grinder
D:4:      layout_basic, grunt_qazlal_sundering, minmay_goblin_outpost,
          uniq_natasha
D:5:      layout_rooms, trog_antimagical, serial_shops, shop_statue,
          minmay_a_box_with_orc_wizards_in_it

Skill      XL: |  1  2  3  4  5  6 |
---------------+-------------------+-----
Polearms       | 5 6 8 10 | 10.3
Fighting       | |  2.5
Throwing       | |  2.0
Dodging        | |  4.3

Action                   |  1- 3 |  4- 6 |  7- 9 || total
-------------------------+-------+-------+-------++-------
Melee: Trident           |   100 |   160 |    53 ||   313
       Punch             |       |     3 |     1 ||     4
  Use: Potion            |       |     3 |     4 ||     7
 Stab: Sleeping          |     3 |     2 |     1 ||     6
       Distracted        |       |     1 |       ||     1
Armor: Leather armour    |    24 |    25 |    13 ||    62
       Skin              |       |       |     3 ||     3
Dodge: Dodged            |    65 |    69 |    37 ||   171

Table legend: (Time is in decaauts)
 A = Elapsed time spent in this place.
 B = Non-inter-level travel time spent in this place.
 C = Inter-level travel time spent in this place.
 D = Time resting spent in this place.
 E = Time spent auto-exploring this place.
 F = Levels seen in this place.
 G = Mean time per level.
                   A        B        C        D        E       F      G
               +--------+--------+--------+--------+--------+-----+--------+
         Total |   3647 |   3517 |    130 |    148 |   2800 |   5 |  729.4 |
       Dungeon |   3647 |   3517 |    130 |    148 |   2800 |   5 |  729.4 |
               +--------+--------+--------+--------+--------+-----+--------+

Top non-repeatable levels by time:
     D:3: 1401 daAuts
     D:4: 1214 daAuts
     D:2: 542 daAuts
     D:1: 483 daAuts
     D:5: 6 daAuts
